 Dungeon Sprint DCSS version 0.21-a0-405-gf2af9a1 (webtiles) character file.

456 Kidiri the Slasher (level 6, -5/78 HPs)
             Began as a Demonspawn Berserker on Nov 1, 2017.
             Was a High Priest of Trog.
             Slain by a ten-headed hydra (14 damage)
             ... in the Dungeon (Sprint VII: "The Pits").
             The game lasted 00:03:08 (766 turns).

Kidiri the Slasher (Demonspawn Berserker)            Turns: 766, Time: 00:03:08

Health: -5/78      AC: 18    Str: 23    XL:     6   Next: 77%
Magic:  2/2        EV: 15    Int:  8    God:    Trog [*****.]
Gold:   0          SH:  0    Dex: 14    Spells: 5/5 levels left

rFire    . . .     SeeInvis .   b - +1 great sword (antimagic)
rCold    . . .     Gourm    .   (shield currently unavailable)
rNeg     . . .     Faith    .   q - +3 ring mail
rPois    .         Spirit   .   (no helmet)
rElec    .         Reflect  .   (no cloak)
rCorr    .         Harm     .   (no gloves)
MR       .....     NoTele   +   (no boots)
Stlth    ..........             (no amulet)
HPRegen  0.23/turn              (no ring)
MPRegen  0.08/turn              (no ring)

@: berserking (expiring), sanguine armour, very quick
A: nightstalker 2, sanguine armour 2
a: Berserk, Trog's Hand, Brothers in Arms, Burn Spellbooks, Renounce Religion


You were in the Dungeon.
You worshipped Trog.
Trog was extremely pleased with you.
You were not hungry.

You visited 1 branch

Inventory:

Hand Weapons
 a - a +2 falchion
 b - a +1 antimagic great sword (weapon)
Armour
 p - a +2 plate armour
 q - a +3 ring mail (worn)
Scrolls
 i - a scroll of blinking
 k - 3 scrolls of remove curse
 l - a scroll of summoning
Potions
 d - 6 potions of curing
 e - 6 potions of heal wounds
 f - a potion of haste
 g - 4 potions of magic
 h - 3 potions of berserk rage
 j - 2 potions of invisibility
Comestibles
 c - 7 bread rations
 m - 40 fruits
 n - 7 meat rations


   Skills:
 + Level 6.0 Fighting
 * Level 7.2 Long Blades
 * Level 6.9 Armour
 * Level 6.9 Dodging
 + Level 4.8 Stealth


You had 5 spell levels left.
You didn't know any spells.

Dungeon Overview and Level Annotations

Branches:
Dungeon (1/1)

Altars:
Ashenzari
Cheibriados
Dithmenos
Elyvilon
Fedhas
Gozag
Hepliaklqana
Kikubaaqudgha
Makhleb
Nemelex Xobeh
Okawaru
Qazlal
Ru
Sif Muna
Trog
Uskayaw
Vehumet
Wu Jian
Xom
Yredelemnul
Zin
The Shining One
Beogh
Jiyva
Lugonu


Innate Abilities, Weirdness & Mutations

You are significantly more attuned to the shadows.
When seriously injured, your bleeding wounds create thick armour. (AC +9)


Message History

* * * LOW HITPOINT WARNING * * *
The nine-headed hydra bites you.
* * * LOW HITPOINT WARNING * * *
The nine-headed hydra bites you but does no damage. x2
The nine-headed hydra bites you!
* * * LOW HITPOINT WARNING * * *
The nine-headed hydra barely misses you.
The nine-headed hydra bites you but does no damage.
You chop one of the nine-headed hydra's heads off!
The eight-headed hydra grows two more!
You slice the ten-headed hydra!!
The ten-headed hydra is severely wounded.
The ten-headed hydra bites you but does no damage. x3
The ten-headed hydra closely misses you.
The ten-headed hydra completely misses you.
The ten-headed hydra closely misses you.
The ten-headed hydra misses you. The ten-headed hydra bites you.
* * * LOW HITPOINT WARNING * * *
The ten-headed hydra bites you but does no damage.
The ten-headed hydra bites you!
You die...

#)#........##.......#
#รท###########.......#
#[).....# #########
#.......# #...#...#
#..###..#+#
#...#...#.+
#.......#D# ......@.#
#########


You could see a ten-headed hydra.

Vanquished Creatures
  A floating eye (D)
  An orc warrior (D)
  A hound (D)
  An orc wizard (D)
  2 orc priests (D)
  An adder (D)
  An ufetubus (D)
  2 oozes (D)
  2 leopard geckos (D)
  2 orcs (D)
  A ball python (D)
  A bat zombie (D)
  A giant cockroach (D)
  4 jackals (D)
  A kobold (D)
22 creatures vanquished.

Vanquished Creatures (collateral kills)
  An orc warrior (D)
  A phantom (D)
  An orc wizard (D)
  2 orcs (D)
5 creatures vanquished.

Grand Total: 27 creatures vanquished

Notes
Turn   | Place    | Note
-------+----------+-------------------------------------------
     0 | D        | Kidiri the Demonspawn Berserker began the quest for the Orb.
     0 | D        | Reached XP level 1. HP: 18/18 MP: 1/1
    48 | D        | Found a bloodstained altar of Trog.
    48 | D        | Found a deep blue altar of Sif Muna.
    48 | D        | Found a viscous altar of Jiyva.
    48 | D        | Found a hazy altar of Hepliaklqana.
    48 | D        | Found an opulent altar of Gozag.
    49 | D        | Found a glowing golden altar of the Shining One.
    49 | D        | Found a glowing silver altar of Zin.
    49 | D        | Found a basalt altar of Yredelemnul.
    49 | D        | Found a shimmering altar of Xom.
    49 | D        | Found an ornate altar of the Wu Jian Council.
    49 | D        | Found a sacrificial altar of Ru.
    49 | D        | Found a stormy altar of Qazlal.
    49 | D        | Found an iron altar of Okawaru.
    49 | D        | Found a sparkling altar of Nemelex Xobeh.
    49 | D        | Found a burning altar of Makhleb.
    49 | D        | Found a blossoming altar of Fedhas.
    49 | D        | Found a white marble altar of Elyvilon.
    49 | D        | Found a shadowy altar of Dithmenos.
    49 | D        | Found a snail-covered altar of Cheibriados.
    51 | D        | Found a radiant altar of Vehumet.
    51 | D        | Found a corrupted altar of Lugonu.
    51 | D        | Found a roughly hewn altar of Beogh.
    52 | D        | Found a hide-covered altar of Uskayaw.
    52 | D        | Found an ancient bone altar of Kikubaaqudgha.
    52 | D        | Found a shattered altar of Ashenzari.
    68 | D        | Reached skill level 3 in Long Blades
    70 | D        | Reached ** piety under Trog
    70 | D        | Reached skill level 1 in Stealth
    70 | D        | Gained mutation: When seriously injured, your bleeding wounds create armour. (AC +9) [demonic ancestry]
    70 | D        | Reached XP level 2. HP: 16/24 MP: 2/2
   192 | D        | Noticed a floating eye
   197 | D        | Paralysed by a floating eye for 4 turns
   204 | D        | Killed a floating eye
   204 | D        | Reached *** piety under Trog
   204 | D        | Reached skill level 5 in Long Blades
   204 | D        | Gained mutation: You are slightly more attuned to the shadows. [demonic ancestry]
   204 | D        | Reached XP level 3. HP: 23/31 MP: 3/3
   204 | D        | Reached XP level 4. HP: 29/38 MP: 4/4
   207 | D        | Gained mutation: When seriously injured, your bleeding wounds create thick armour. (AC +9) [demonic ancestry]
   207 | D        | Reached XP level 5. HP: 33/43 MP: 5/5
   399 | D        | Reached **** piety under Trog
   403 | D        | Noticed an orc warrior
   403 | D        | Reached skill level 5 in Armour
   408 | D        | Noticed a phantom
   415 | D        | Killed an orc warrior
   415 | D        | Reached skill level 5 in Fighting
   415 | D        | Reached skill level 6 in Long Blades
   415 | D        | Reached skill level 5 in Dodging
   418 | D        | Noticed an orc warrior
   422 | D        | Gained mutation: You are significantly more attuned to the shadows. [demonic ancestry]
   422 | D        | Reached XP level 6. HP: 51/51 MP: 6/6
   425 | D        | Reached ***** piety under Trog
   431 | D        | Received a gift from Trog
   438 | D        | HP: 1/51 [orc warrior/halberd (15)]
   441 | D        | Killed an orc warrior
   441 | D        | Reached skill level 7 in Long Blades
   441 | D        | Received a gift from Trog
   760 | D        | Noticed a six-headed hydra
   766 | D        | Slain by a ten-headed hydra

Vault maps used:
D:        pitsprint

Skill      XL: |  1  2  3  4  5  6 |
---------------+-------------------+-----
Armour         | 2 4 6 |  6.9
Dodging        | 2 4 5 6 |  6.9
Long Blades    | 3 5 6 7 |  7.2
Stealth        | 1 2 3 4 |  4.8
Fighting       | 4 5 6 |  6.0

Action                   |  1- 3 |  4- 6 || total
-------------------------+-------+-------++-------
Melee: Falchion          |    21 |    41 ||    62
       Great sword       |       |     6 ||     6
Invok: Berserk           |     1 |     2 ||     3
       Brothers in Arms  |       |     1 ||     1
 Stab: Sleeping          |       |     1 ||     1
  Eat: Bread ration      |       |     1 ||     1
Armor: Animal skin       |     2 |       ||     2
       Leather armour    |     7 |     3 ||    10
       Ring mail         |       |    26 ||    26
Dodge: Dodged            |    24 |    39 ||    63
       Rpst.: Falchion   |     7 |     9 ||    16

Table legend:
 A = Spawn XP
 B = Non-spawn XP
 C = Spawn XP percentage of total XP
 D = Spawn monster count
 E = Non-spawn monster count
 F = Spawn count percentage of total count
 G = Total turns spent on level
                    A         B        C        D         E        F      G
               +---------+---------+-------+---------+---------+-------+---------
         Total |       0 |     652 |   0.0 |       0 |      27 |   0.0 |   766
               +---------+---------+-------+---------+---------+-------+---------
             D |       0 |     652 |   0.0 |       0 |      27 |   0.0 |   766
               +---------+---------+-------+---------+---------+-------+---------
